 Dungeon Crawl Stone Soup version 0.21-a0-178-g0b87683 (webtiles) character file.

81 wolfsongas the Cudgeler (level 4, -1/35 HPs)
             Began as a Demonspawn Fighter on Aug 9, 2017.
             Slain by a gnoll (6 damage)
             ... on level 2 of the Dungeon.
             The game lasted 00:02:22 (1190 turns).

wolfsongas the Cudgeler (Demonspawn Fighter)        Turns: 1190, Time: 00:02:22

Health: -1/35      AC:  9    Str: 22    XL:     4   Next: 20%
Magic:  4/4        EV:  7    Int:  9    God:
Gold:   70         SH: 10    Dex: 13    Spells: 3/3 levels left

rFire    . . .     SeeInvis .   a - +0 flail
rCold    + . .     Gourm    .   c - +1 shield
rNeg     . . .     Faith    .   b - +0 scale mail
rPois    .         Spirit   .   (no helmet)
rElec    .         Reflect  .   (no cloak)
rCorr    .         Harm     .   (no gloves)
MR       .....                  (no boots)
Stlth    ..........             (no amulet)
HPRegen  0.11/turn              h - ring of protection from cold
MPRegen  0.09/turn              (no ring)

@: mighty, lethally poisoned (-1 -> -5)
A: yellow scales 2
a: no special abilities


You were on level 2 of the Dungeon.
You were not hungry.

You visited 1 branch of the dungeon, and saw 2 of its levels.

You collected 70 gold pieces.

Inventory:

Hand Weapons
 a - a +0 flail (weapon)
Armour
 b - a +0 scale mail (worn)
 c - a +1 shield (worn)
Jewellery
 h - a ring of protection from cold (left hand)
Scrolls
 i - a scroll of teleportation
 j - 6 scrolls of identify
 n - a scroll of amnesia
Comestibles
 f - a bread ration
 g - 3 chunks of flesh
 k - 2 meat rations
 m - 4 fruits


   Skills:
 - Level 3.0 Fighting
 * Level 3.9 Maces & Flails
 - Level 2.6 Armour
 + Level 0.8 Dodging
 - Level 2.6 Shields


You had 3 spell levels left.
You didn't know any spells.

Dungeon Overview and Level Annotations

Branches:
Dungeon (2/15)

Altars:
Wu Jian


Innate Abilities, Weirdness & Mutations

You are mostly covered in yellow scales. (AC +3)


Message History

The adder bites you but does no damage.
You closely miss the adder.
The adder is moderately wounded.
You feel sick.
The gnoll hits you from afar with a halberd.
The adder bites you but does no damage.
You closely miss the adder.
The adder is moderately wounded.
The adder closely misses you. The gnoll hits you but does no damage.
The adder barely misses you.
You sock the adder!
You kill the adder!
You feel sick. You block the gnoll's attack.
You hit the gnoll.
The gnoll is moderately wounded.
You feel sick.
The gnoll hits you from afar with a halberd!
* * * LOW HITPOINT WARNING * * *
The gnoll hits you.
You die...

**,*≈≈≈≈≈≈≈≈*,* #.#.# #.#
*,≈≈*≈≈≈*≈≈*,**#.#.# #.#
*,**≈≈≈≈≈≈**,,##.#.# ###.#
*,,*≈≈*≈≈≈≈,,,,..#.# #...#
*,,≈##≈≈###,,,*#.#)####.###
*,,,,≈≈##....###.#÷.....#
*,,,,,,............######
****#.###g######.#.#
#...g)@†.....#.#
#########.#..#.# #.####.#
#......# ########


You could see 2 gnolls.

Vanquished Creatures
  2 gnolls (D:2)
  2 adders (D:2)
  A dart slug (D:1)
  3 giant cockroaches (D:1)
  6 goblins
  3 hobgoblins
  8 jackals
  4 kobolds
  2 bats (D:1)
  2 frilled lizards
  6 rats
39 creatures vanquished.

Notes
Turn   | Place    | Note
-------+----------+-------------------------------------------
     0 | D:1      | wolfsongas the Demonspawn Fighter began the quest for the Orb.
     0 | D:1      | Reached XP level 1. HP: 18/18 MP: 1/1
   101 | D:1      | Gained mutation: You are partially covered in yellow scales. (AC +2) [demonic ancestry]
   101 | D:1      | Reached XP level 2. HP: 19/24 MP: 2/2
   879 | D:2      | Reached XP level 3. HP: 25/29 MP: 3/3
   938 | D:2      | Found an ornate altar of the Wu Jian Council.
  1181 | D:2      | Gained mutation: You are mostly covered in yellow scales. (AC +3) [demonic ancestry]
  1181 | D:2      | Reached XP level 4. HP: 34/35 MP: 4/4
  1190 | D:2      | Slain by a gnoll

Vault maps used:
D:1:      dpeg_arrival_rooms_with_view, minmay_tall_x
D:2:      lemuel_round_altar, minivault_4, kennysheep_generic_room_2

Skill      XL: |  1  2 |
---------------+-------+-----
Maces & Flails | 2 3 |  3.9
Fighting       | |  3.0
Armour         | |  2.6
Dodging        | |  0.8
Shields        | |  2.6

Action                   |  1- 3 |  4- 6 || total
-------------------------+-------+-------++-------
Melee: Flail             |   145 |     9 ||   154
  Use: Scroll            |     5 |       ||     5
       Potion            |     2 |       ||     2
  Eat: Chunk             |     1 |       ||     1
Armor: Scale mail        |    83 |     6 ||    89
Dodge: Dodged            |    41 |     5 ||    46
Block: Shield            |    94 |     6 ||   100
